 Dungeon Crawl Stone Soup version 0.21.1-1-g345015f (webtiles) character file.

66 tidbits the Charmwright (level 4, -2/38 HPs)
             Began as a Gnoll Skald on June 26, 2018.
             Slain by a hound (3 damage)
             ... on level 4 of the Dungeon.
             The game lasted 00:01:32 (174 turns).

tidbits the Charmwright (Gnoll Skald)                Turns: 174, Time: 00:01:32

Health: -2/38      AC:  3    Str: 10 (13) XL:     4   Next: 15%
Magic:  0/11       EV: 13    Int: 17      God:
Gold:   10         SH:  0    Dex: 11 (14) Spells: 2/13 levels left

rFire    . . .     SeeInvis .   a - +0 hand axe
rCold    . . .     Gourm    .   (no shield)
rNeg     . . .     Faith    .   b - +0 leather armour
rPois    .         Spirit   .   (no helmet)
rElec    .         Reflect  .   (no cloak)
rCorr    .         Harm     .   (no gloves)
MR       .....                  (no boots)
Stlth    +.........             (no amulet)
HPRegen  0.12/turn              (no ring)
MPRegen  0.12/turn              (no ring)

@: lethally poisoned (-2 -> -5), very slightly contaminated
A: distributed training, fangs 1, strong nose
a: no special abilities


You were on level 4 of the Dungeon.
You were not hungry.

You visited 1 branch of the dungeon, and saw 4 of its levels.

You collected 10 gold pieces.

Inventory:

Hand Weapons
 a - a +0 hand axe (weapon)
Armour
 b - a +0 leather armour (worn)
Scrolls
 e - a scroll of remove curse {unknown}
 f - a scroll of enchant weapon {unknown}
Books
 c - a book of Battle

   Spells                             Type                      Level
   a - Infusion                       Charms                       1
   b - Shroud of Golubria             Charms/Translocation         2
   c - Song of Slaying                Charms                       2
   d - Spectral Weapon                Hexes/Charms                 3
   e - Regeneration                   Charms/Necromancy            3
Comestibles
 d - 2 rations


   Skills:
 + Level 4.6 Fighting
 + Level 1.0 Short Blades
 + Level 1.0 Long Blades
 + Level 4.6 Axes
 + Level 1.0 Maces & Flails
 + Level 1.0 Polearms
 + Level 1.0 Staves
 + Level 1.0 Slings
 + Level 1.0 Bows
 + Level 1.0 Crossbows
 + Level 1.0 Throwing
 + Level 2.7 Armour
 + Level 4.6 Dodging
 + Level 1.0 Stealth
 + Level 1.0 Shields
 + Level 1.0 Unarmed Combat
 + Level 5.0 Spellcasting
 + Level 0.7 Conjurations
 + Level 0.7 Hexes
 + Level 5.4 Charms
 + Level 0.7 Summonings
 + Level 0.7 Necromancy
 + Level 0.7 Translocations
 + Level 0.7 Transmutations
 + Level 0.7 Fire Magic
 + Level 0.7 Ice Magic
 + Level 0.7 Air Magic
 + Level 0.7 Earth Magic
 + Level 0.7 Poison Magic
 + Level 1.1 Invocations
 + Level 1.0 Evocations


You had 2 spell levels left.
You knew the following spells:

 Your Spells              Type           Power        Failure   Level  Hunger
g - Shroud of Golubria    Chrm/Tloc      ##........   8%          2    #......
i - Infusion              Chrm           ###.         1%          1    None
r - Regeneration          Chrm/Necr      ##........   16%         3    ###....
w - Spectral Weapon       Hex/Chrm       ##......     16%         3    ###....
y - Song of Slaying       Chrm           ###.....     3%          2    #......


Dungeon Overview and Level Annotations

Branches:
Dungeon (4/15)
 Temple: D:4-7

Altars:
Yredelemnul


Innate Abilities, Weirdness & Mutations

Your experience applies equally to all skills.
You have very sharp teeth.
Your uncanny sense of smell can sniff out nearby items.


Message History

Your experience leads to an increase in your attributes!
Your base attributes are Str 13, Int 15, Dex 14.
Increase (S)trength, (I)ntelligence, or (D)exterity?
You feel clever.
You have reached level 4!
You feel clever.
You see here a scroll labeled GYL AQYFIOJ.
e - a scroll labeled GYL AQYFIOJ A giant cockroach comes into view.
You see here a ration.
d - 2 rations (gained 1)
There is a stone staircase leading up here.
You hit the giant cockroach.
You bite the giant cockroach, but do no damage.
The giant cockroach is moderately wounded.
The giant cockroach misses you.
The giant cockroach bites you but does no damage.
You hit the giant cockroach.
You kill the giant cockroach!
You climb upwards.
A giant cockroach and a hobgoblin come into view.
There is a stone staircase leading down here.
Casting: Infusion
Confirm with . or Enter, or press ? or * to list all spells.
You don't know that spell.
The helpless giant cockroach fails to defend itself.
You hit the giant cockroach but do no damage.
The giant cockroach bites you but does no damage.
Casting: Infusion
Confirm with . or Enter, or press ? or * to list all spells.
You start singing a song of slaying.
The giant cockroach barely misses you. The giant cockroach bites you.
* * * LOW HITPOINT WARNING * * *
Unknown command.
You hit the giant cockroach.
The giant cockroach is heavily wounded.
The giant cockroach closely misses you.
You hit the giant cockroach.
The giant cockroach is almost dead.
The giant cockroach bites you but does no damage.
You barely miss the giant cockroach.
The giant cockroach is almost dead.
The giant cockroach misses you.
You hit the giant cockroach.
You kill the giant cockroach!
You hit the hobgoblin.
The hobgoblin is almost dead.
The hobgoblin hits you but does no damage.
You hit the hobgoblin.
You kill the hobgoblin!
Memorise Regeneration, consuming 3 spell levels and leaving 5?
You start memorising the spell.
You continue memorising. x3
You finish memorising.
Spell assigned to 'r'.
Memorise Spectral Weapon, consuming 3 spell levels and leaving 2?
You start memorising the spell.
You continue memorising. x3
You finish memorising.
Spell assigned to 'w'.
Casting: Song of Slaying
Confirm with . or Enter, or press ? or * to list all spells.
You miscast Regeneration.
You are very lightly contaminated with residual magic.
You climb downwards.
There is a stone staircase leading up here.
Unknown command.
Casting: Regeneration
Confirm with . or Enter, or press ? or * to list all spells.
You don't have enough magic to cast that spell.
You hear an angry hiss.
You hear a shout!
You hear a bark!
You hear a shout!
Unknown command.
Your song is almost over.
You hear an angry hiss.
An adder comes into view.
Casting: Regeneration
Confirm with . or Enter, or press ? or * to list all spells.
You draw out your weapon's spirit!
A hound comes into view.
You hear a shout!
You hear an angry hiss.
You barely miss the adder.
Your spectral weapon hits the adder but does no damage.
The adder barely misses you. The adder misses you.
You barely miss the adder. You hit the hound.
Your spectral weapon barely misses the adder.
Your spectral weapon barely misses the hound.
The hound barely misses you. The hound bites you.
* * * LOW HITPOINT WARNING * * *
The adder bites you.
* * * LOW HITPOINT WARNING * * *
An adder and a gnoll come into view.
You miss the adder. You closely miss the hound.
Your song has ended.
You hear a shout!
Your spectral weapon barely misses the adder.
Your spectral weapon hits the hound.
The hound completely misses you.
The gnoll hits you from afar with a spear.
* * * LOW HITPOINT WARNING * * *
The adder bites you.
* * * LOW HITPOINT WARNING * * *
You are lethally poisoned!
The adder poisons you! The hound bites you.
You die...

.# ##...# #..#
.#####....# #..# ..
..........###.# .
..............# .#
.........<....# ..#
...##.........## #.# ..#
#..........###..##
†.###....####...(h...#..
...##...## #....@S..S...
........## #..g####..#..
.###.....# #...# ##
###†.#...##...## #
#..###......# .##.##
.####.. .....## .# ##
.#....# .# ........#


You could see a hound, a gnoll, 2 adders and a friendly spectral hand axe.

Vanquished Creatures
  A howler monkey (D:4)
  2 adders
  A leopard gecko (D:3)
  2 giant cockroaches
  A hobgoblin (D:3)
  A frilled lizard (D:3)
8 creatures vanquished.

Notes
Turn   | Place    | Note
-------+----------+-------------------------------------------
     0 | D:1      | tidbits the Gnoll Skald began the quest for the Orb.
     0 | D:1      | Reached XP level 1. HP: 20/20 MP: 6/6
    10 | D:2      | Found a basalt altar of Yredelemnul.
    22 | D:2      | Reached XP level 2. HP: 14/26 MP: 4/7
    26 | D:2      | Learned a level 2 spell: Song of Slaying
    29 | D:2      | Learned a level 2 spell: Shroud of Golubria
   108 | D:4      | Noticed a howler monkey
   120 | D:4      | Killed a howler monkey
   120 | D:4      | Reached skill level 1 in Short Blades
   120 | D:4      | Reached skill level 1 in Long Blades
   120 | D:4      | Reached skill level 1 in Maces & Flails
   120 | D:4      | Reached skill level 1 in Polearms
   120 | D:4      | Reached skill level 1 in Staves
   120 | D:4      | Reached skill level 1 in Slings
   120 | D:4      | Reached skill level 1 in Bows
   120 | D:4      | Reached skill level 1 in Crossbows
   120 | D:4      | Reached skill level 1 in Throwing
   120 | D:4      | Reached skill level 1 in Stealth
   120 | D:4      | Reached skill level 1 in Shields
   120 | D:4      | Reached skill level 1 in Unarmed Combat
   120 | D:4      | Reached skill level 5 in Spellcasting
   120 | D:4      | Reached skill level 1 in Invocations
   120 | D:4      | Reached skill level 1 in Evocations
   120 | D:4      | Reached XP level 3. HP: 4/31 MP: 1/9
   120 | D:4      | Reached XP level 4. HP: 5/38 MP: 1/11
   156 | D:3      | Learned a level 3 spell: Regeneration
   160 | D:3      | Learned a level 3 spell: Spectral Weapon
   174 | D:4      | HP: 3/38 [gnoll/spear (2)]
   174 | D:4      | HP: 1/38 [adder (2)]
   174 | D:4      | Slain by a hound

Skill      XL: |  1  2 |
---------------+-------+-----
Short Blades   | 1 |  1.0
Long Blades    | 1 |  1.0
Maces & Flails | 1 |  1.0
Polearms       | 1 |  1.0
Staves         | 1 |  1.0
Slings         | 1 |  1.0
Bows           | 1 |  1.0
Crossbows      | 1 |  1.0
Throwing       | 1 |  1.0
Stealth        | 1 |  1.0
Shields        | 1 |  1.0
Unarmed Combat | 1 |  1.0
Spellcasting   | 5 |  5.0
Invocations    | 1 |  1.1
Evocations     | 1 |  1.0
Fighting       | |  4.6
Axes           | |  4.6
Armour         | |  2.7
Dodging        | |  4.6
Conjurations   | |  0.7
Hexes          | |  0.7
Charms         | |  5.4
Summonings     | |  0.7
Necromancy     | |  0.7
Translocations | |  0.7
Transmutations | |  0.7
Fire Magic     | |  0.7
Ice Magic      | |  0.7
Air Magic      | |  0.7
Earth Magic    | |  0.7
Poison Magic   | |  0.7

Action                   |  1- 3 |  4- 6 || total
-------------------------+-------+-------++-------
Melee: Hand axe          |    28 |    12 ||    40
       Bite              |     1 |     1 ||     2
 Cast: Infusion          |     3 |       ||     3
       Shroud of Golubri |     1 |       ||     1
       Song of Slaying   |       |     1 ||     1
       Spectral Weapon   |       |     1 ||     1
  Use: Potion            |     1 |       ||     1
 Stab: Sleeping          |       |     1 ||     1
Armor: Leather armour    |     8 |     4 ||    12
Dodge: Dodged            |    29 |     8 ||    37

Table legend:
 A = Turns spent in this place as a percentage of turns spent in the entire game.
 B = Non-inter-level travel turns spent in this place as a percentage of non-inter-level travel turns spent in the entire game.
 C = Inter-level travel turns spent in this place as a percentage of turns spent in this place.
 D = Turns resting spent in this place as a percentage of non-inter-level travel turns spent in this place.
 E = Turns spent auto-exploring this place as a percentage of non-inter-level travel turns spent in this place.
 F = Non-inter-level travel turns spent in this place divided by the number of levels of this place that you've seen.
                   A       B       C       D       E      F
               +-------+-------+-------+-------+-------+----------------------
         Total | 100.0 | 100.0 |   0.0 |   0.0 |   0.0 |  43.5
       Dungeon | 100.0 | 100.0 |   0.0 |   0.0 |   0.0 |  43.5
               +-------+-------+-------+-------+-------+----------------------

Table legend:
 A = Kills in this place as a percentage of kills in entire the game.
 B = Kills by you in this place as a percentage of kills by you in the entire game.
 C = Kills by friends in this place as a percentage of kills by friends in the entire game.
 D = Other kills in this place as a percentage of other kills in the entire game.
 E = Experience gained in this place as a percentage of experience gained in the entire game.
 F = Experience gained in this place divided by the number of levels of this place that you have seen.
                   A       B       C       D       E      F
               +-------+-------+-------+-------+-------+----------------------
         Total | 100.0 | 100.0 |   N/A |   N/A | 100.0 |  23.8
       Dungeon | 100.0 | 100.0 |   N/A |   N/A | 100.0 |  23.8
               +-------+-------+-------+-------+-------+----------------------

Vault maps used:
D:1:      minmay_arrival_split_and_join
D:2:      lemuel_tele_altar
D:3:      uniq_grinder
D:4:      fedhas_altar_fruit_tree
